 Dungeon Crawl Stone Soup version 0.31-a0-496-g6f97920a28 (webtiles) character file.

Game seed: 6595271065725175749

49 Ofeo the Changeling (level 3, 0/16 HPs)
             Began as a Felid Shapeshifter on Aug 8, 2023.
             Slain by Jessica
             ... wielding a +1 dagger of electrocution
              (12 damage)
             ... on level 3 of the Dungeon.
             The game lasted 00:04:21 (3505 turns).

Ofeo the Changeling (Felid Shapeshifter)            Turns: 3505, Time: 00:04:22

Health: 0/16       AC:  1    Str: 11    XL:     3   Next: 53%
Magic:  4/4        EV: 18    Int:  9    God:
Gold:   73         SH:  0    Dex: 18    Spells: 2/2 levels left
                                        Lives:  0   Deaths: 1

rFire   . .          .
                       - Unarmed
rCold   + . .        (shield unavailable)
rNeg    . . .        (body armour unavailable)
rPois   .            (helmet unavailable)
rElec   .            (cloak unavailable)
rCorr   .            (gloves unavailable)
SInv    +            (boots unavailable)
Will    .....        (no amulet)
Stlth   ++           h - ring of protection from cold
HPRegen 0.22/turn    (no ring)
MPRegen 0.09/turn

%: no passive effects
@: beast-form, quick
A: beast (slay +2), very small, claws 1, fangs 3, see invisible, speed 1, shaggy
fur 1, stealthy paws, no weapons or thrown items, no armour, multi-lived
a: Begin Untransformation


You were on level 3 of the Dungeon.
You were a hulking beast.
You visited 1 branch of the dungeon, and saw 3 of its levels.

You collected 73 gold pieces.

Inventory:

Jewellery
 d - a ring of willpower
 e - an amulet of magic regeneration
 g - a +6 ring of intelligence
 h - a ring of protection from cold (left paw)
Talismans
 b - a beast talisman (active)
 c - a flux talisman
Wands
 k - a wand of flame (7)
Scrolls
 f - a scroll of vulnerability
 l - a scroll of noise {unknown}
 m - a scroll of enchant armour {unknown}
Potions
 a - a potion of lignification
 j - 2 potions of mutation {unknown}
 n - 2 potions of resistance {unknown}


   Skills:
 + Level 2.2 Fighting
 + Level 3.7 Dodging
 + Level 1.2 Stealth
 + Level 3.7 Unarmed Combat
 + Level 3.8 Shapeshifting


You had 2 spell levels left.
You didn't know any spells.
Your spell library contained the following spells:

 Spells                   Type           Power      Damage    Failure   Level
 Slow                     Hex            0%         N/A       38%         1
 Confusing Touch          Hex            0%         N/A       77%         3
 Vampiric Draining        Necr           0%         2d6       77%         3


Dungeon Overview and Level Annotations

Branches:
Dungeon (3/15)

Altars:

Annotations:
D:1 2 transporters
D:3 Jessica


Innate Abilities, Weirdness & Mutations

You are a hulking beast.
Your limbs bulge with bestial killing power. (Slay +2)
You have sharp claws.
You have razor-sharp teeth.
You have supernaturally acute eyesight. (SInv)
You cover ground quickly. (Speed+)
You are covered in fur. (AC +1)
Your paws help you pounce on unaware monsters.
You are incapable of wielding weapons or throwing items.
You cannot wear armour.
You gain extra lives every three experience levels.


Message History

Key pressed, stopping explore.
You see here a +0 dagger.
You see here a +0 dagger.
You see here a stone.
Key pressed, stopping explore.
Items here: )))).
Things that are here:
a +0 club; a goblin skeleton
Things that are here:
a +0 club; a goblin skeleton You see here a +0 whip.
Key pressed, stopping explore.
You see here a +0 dagger.
There is a stone staircase leading up here.
Key pressed, stopping explore.
You see here 7 stones.
There is an open door here.
Done exploring.
Done exploring.
Done exploring.
Done exploring.
There is an open door here.
There is a stone staircase leading down here.
You climb downwards.
Level annotation: Jessica The goblin shoots a sling bullet.
The sling bullet misses you.
Jessica casts a spell.
Jessica seems to speed up.
There is a stone staircase leading up here.
You claw the goblin!
You kill the goblin!
Jessica mumbles some strange words.
Jessica blinks!
The goblin shouts!
You hear a shout!
You scratch Jessica.
Jessica is severely wounded.
Jessica hits you with a +1 dagger of electrocution.
You are electrocuted!
Ouch! That really hurt!
You die...

#..........###...............
#....................@.......
###............g.[...........
#.....#....................
#......##................#.
#...)#.....................
#...)##...................#
#....##....................
#....##..@h<..............
#######..>.).....#.......
#...........!#.
#............. ###...........
#.......... #......##..
######.# ..


You could see Jessica (fast) and a goblin.

Vanquished Creatures
  Robin (D:3)
  A gnoll (D:1)
  An adder (D:3)
  An adder zombie (D:3)
  A worm (D:2)
  A dart slug (D:1)
  4 ball pythons
  An endoplasm (D:1)
  7 giant cockroaches
  18 goblins
  9 hobgoblins
  2 bats (D:2)
  3 frilled lizards
  5 kobolds
  4 rats
59 creatures vanquished.

Notes
Turn   | Place    | Note
-------+----------+-------------------------------------------
     0 | D:1      | Ofeo the Felid Shapeshifter began the quest for the Orb.
     0 | D:1      | Reached XP level 1. HP: 9/9 MP: 2/2
   221 | D:1      | Reached XP level 2. HP: 12/12 MP: 3/3
   432 | D:1      | You fall into a shaft and drop 1 floor!
   740 | D:1      | Reached XP level 3. HP: 13/15 MP: 4/4
  1820 | D:2      | Found a faded altar of an unknown god.
  2036 | D:3      | Noticed Jessica
  2037 | D:3      | Reached XP level 4. HP: 10/19 MP: 5/5
  2057 | D:3      | Noticed Robin
  2063 | D:3      | Killed Robin
  2125 | D:2      | Reached skill level 1 in Stealth
  2768 | D:2      | Slain by a goblin
  2769 | D:2      | Reached XP level 3. HP: 0/16 MP: 4/4
  2875 | D:2      | Found a faded altar of an unknown god.
  3505 | D:3      | Slain by Jessica

Illustrated notes

Levels and vault maps discovered:
D:1:      spicycebolla_arrival_transporter_tutorial, layout_basic
D:2:      layout_rooms, shapermc_ecumenical_altar_flowoftime
D:3:      layout_rooms, slow_altar_2, serial_undead, serial_undead_a,
          serial_undead_c, serial_undead_c, serial_undead_e, serial_undead_d,
          serial_undead_b, uniq_robin, uniq_jessica

Skill      XL: |  1  2  3  4 |
---------------+-------------+-----
Dodging        | 3 |  3.7
Fighting       | 2 |  2.2
Stealth        | 1 |  1.2
Unarmed Combat | |  3.7
Shapeshifting  | |  3.8

Action                     |  1- 3 |  4- 6 || total
---------------------------+-------+-------++-------
  Melee: Unarmed           |   103 |    41 ||   144
         Bite              |    10 |     5 ||    15
         Punch             |     2 |     1 ||     3
  Evoke: Wand              |       |     1 ||     1
    Use: Scroll            |     4 |       ||     4
         Potion            |       |     2 ||     2
   Stab: Sleeping          |     1 |       ||     1
 Armour: Skin              |     4 |     1 ||     5
  Dodge: Dodged            |    61 |    46 ||   107

Table legend: (Time is in decaauts)
 A = Elapsed time spent in this place.
 B = Non-inter-level travel time spent in this place.
 C = Inter-level travel time spent in this place.
 D = Time resting spent in this place.
 E = Time spent auto-exploring this place.
 F = Levels seen in this place.
 G = Mean time per level.
                   A        B        C        D        E       F      G
               +--------+--------+--------+--------+--------+-----+--------+
         Total |   2963 |   2804 |    159 |    638 |   1651 |   3 |  987.7 |
       Dungeon |   2963 |   2804 |    159 |    638 |   1651 |   3 |  987.7 |
               +--------+--------+--------+--------+--------+-----+--------+

Top non-repeatable levels by time:
     D:2: 1968 daAuts
     D:1: 906 daAuts
     D:3: 89 daAuts
